 Dungeon Crawl Stone Soup version 0.30.0-30-g96aa6591b8 (webtiles) character file.

Game seed: 11471810669673118292

14191 Gravitas the Destroyer (level 11, -11/84 HPs)
             Began as a Demonspawn Fire Elementalist on June 27, 2023.
             Was an Elder of Vehumet.
             Mangled by a dire elephant (28 damage)
             ... in a Gauntlet.
             The game lasted 01:01:46 (11479 turns).

Gravitas the Destroyer (DsFE)                      Turns: 11479, Time: 01:01:47

Health: -11/84     AC: 13    Str:  9    XL:     11   Next: 85%
Magic:  12/23      EV: 15    Int: 21    God:    Vehumet [****..]
Gold:   542        SH:  0    Dex: 13    Spells: 12/27 levels left

rFire   + . .        K - staff of fire
rCold   . . .        (no shield)
rNeg    + . .        E - +2 robe {rN+}
rPois   .            k - +0 helmet
rElec   .            t - +2 cloak
rCorr   .            (no gloves)
SInv    .            M - +1 pair of boots {Stlth+}
Will    +....        w - amulet of regeneration
Stlth   +++          m - +4 ring of slaying
HPRegen 1.14/turn    y - ring of willpower
MPRegen 0.18/turn

%: no teleportation
@: no status effects
A: icy blue scales 2, ignite blood 1, demonic magic 2, demonic touch 2
a: Renounce Religion


You were in a Gauntlet.
You worshipped Vehumet.
Vehumet was greatly pleased with you.
You visited 2 branches of the dungeon, and saw 12 of its levels.
You also visited: Gauntlet.

You collected 542 gold pieces.

Inventory:

Hand Weapons
 a - a +5 short sword
Missiles
 p - 2 throwing nets
Armour
 k - a +0 helmet (worn)
 n - the +1 pair of boots "Nathraugg" {Dex+3}
   (You found it on level 2 of the Dungeon)

   Dex:       It affects your dexterity (+3).
 t - a +2 cloak (worn)
 E - a +2 robe of positive energy (worn)
 M - a +1 pair of boots of stealth (worn)
Magical Staves
 K - a staff of fire (weapon)
Jewellery
 d - a ring of flight
 e - the amulet "Luwilidgh" {Reflect Harm rPois Str-2 Int+7 SH+5}
   (You acquired it on level 3 of the Dungeon)

   [amulet of reflection]

   It reflects blocked missile attacks.
   Str:       It affects your strength (-2).
   Int:       It affects your intelligence (+7).
   rPois:     It protects you from poison.
   SH:        It affects your SH (+5).
   Harm:      It increases damage dealt and taken.
 m - a +4 ring of slaying (left hand)
 w - an amulet of regeneration (around neck)
 y - a ring of willpower (right hand)
 L - a ring of protection from cold
Wands
 h - a wand of quicksilver (13)
 j - a wand of digging (7)
 A - a wand of mindburst (4)
 D - a wand of flame (20)
 J - a wand of polymorph (2)
Scrolls
 l - 5 scrolls of amnesia
 o - a scroll of magic mapping
 v - 3 scrolls of silence
 B - a scroll of blinking
 C - 2 scrolls of enchant armour
 F - 2 scrolls of identify
 H - a scroll of enchant weapon
 I - a scroll of teleportation
Potions
 b - 2 potions of magic
 c - 4 potions of lignification
 f - 4 potions of ambrosia
 g - 2 potions of flight
 i - 2 potions of heal wounds
 q - a potion of might
 r - 3 potions of cancellation
 s - 3 potions of attraction
 u - 3 potions of curing
 x - a potion of brilliance
 z - 2 potions of degeneration {unknown}
 G - 2 potions of mutation {unknown}


   Skills:
 + Level 7.4 Fighting
 + Level 7.0 Dodging
 - Level 1.7 Stealth
 + Level 8.9 Spellcasting
 + Level 9.1 Conjurations
 + Level 8.9 Fire Magic
 + Level 3.6 Evocations


You had 12 spell levels left.
You knew the following spells:

 Your Spells              Type           Power      Damage    Failure   Level
a - Foxfire               Conj/Fire      100%       2x1d9     1%          1
b - Scorch                Fire           100%       2d9       1%          2
c - Flame Wave            Conj/Fire      63%        2d15      1%          4
d - Freeze                Ice            36%        1d5       2%          1
e - Ignite Poison         Fire/Tmut/Pois 32%        N/A       1%          3
f - Sticky Flame          Conj/Fire      63%        2d8       1%          4

Your spell library contained the following spells:

 Spells                   Type           Power      Damage    Failure   Level
 Olgreb's Toxic Radiance  Pois           9%         N/A       19%         4
 Magic Dart               Conj           100%       1d8       1%          1
 Searing Ray              Conj           94%        2d7       1%          2
 Hailstorm                Conj/Ice       28%        3d8       1%          3
 Inner Flame              Hex/Fire       42%        N/A       1%          3
 Volatile Blastmotes      Fire/Tloc      84%        2d17      1%          3
 Fulminant Prism          Conj/Hex       14%        3d9       3%          4
 Frozen Ramparts          Ice            18%        1d3       6%          3
 Slow                     Hex            36%        N/A       8%          1
 Irradiate                Conj/Tmut      14%        3d16      9%          5
 Cigotuvi's Dreadful Rot  Necr/Pois/Air  18%        N/A       11%         2
 Lesser Beckoning         Tloc           18%        N/A       11%         2
 Confusing Touch          Hex            9%         N/A       22%         3
 Gell's Gravitas          Tloc           9%         N/A       22%         3
 Teleport Other           Tloc           9%         N/A       22%         3
 Vampiric Draining        Necr           9%         2d6       22%         3
 Cause Fear               Hex            4%         N/A       58%         4
 Dispel Undead            Necr           9%         3d8       58%         4
 Blade Hands              Tmut           4%         N/A       90%         5
 Death Channel            Necr           4%         N/A       100%        6
 Dragon Form              Tmut           4%         N/A       100%        7
 Dragon's Call            Summ           4%         N/A       100%        9


Dungeon Overview and Level Annotations

Branches:
Dungeon (11/15)            Temple (1/1) D:4            Lair (0/5) D:9
Gauntlet (1/1)
    Orc: D:9-12

Altars:
Ashenzari
Cheibriados
Gozag
Hepliaklqana
Nemelex Xobeh
Qazlal
Uskayaw
Vehumet
Wu Jian

Shops:
D:2 *   D:9 :

Annotations:
D:9 Maggie
D:11 Grum Gauntlet 13 transporters


Innate Abilities, Weirdness & Mutations

You are mostly covered in icy blue scales. (AC +3)
Your demonic aura sometimes causes spilled blood to erupt in flames.
Spells you cast may paralyse nearby enemies.
Your touch may inflict irresistible damage on your foes.


Message History

The dire elephant trunk-slaps you.
A wave of flame ripples out!
The flame wave engulfs the dire elephant.
The dire elephant is moderately wounded.
The flame wave engulfs the elephant!
The elephant is burned terribly!
The elephant is almost dead.
The flame wave engulfs the elephant.
The elephant is lightly wounded.
The flame wave engulfs the elephant!
The elephant is heavily wounded.
The elephant is no longer more vulnerable to fire.
The elephant misses you.
The elephant trunk-slaps you but does no damage.
The dire elephant barely misses you. The dire elephant trunk-slaps you.
Casting: Flame Wave (mildly dangerous; 1% risk of failure)
Confirm with . or Enter, or press ? or * to list all spells.
Restarting spell: Flame Wave (mildly dangerous; 1% risk of failure)
Press: ? - help, Dir - look around, f - activate You feel a surge of power!
A wave of flame ripples out!
The flame wave engulfs the dire elephant!!
The dire elephant is heavily wounded.
The flame wave engulfs the elephant!
You kill the elephant!
Vehumet accepts your kill.
You feel your power returning. (Press . to intensify the flame waves.) Malevolent energies surge around you.
The elephant suddenly stops moving!
The dire elephant tramples you!!
* * * LOW HITPOINT WARNING * * *
You hold your ground!
The dire elephant trunk-slaps you but does no damage.
A wave of flame ripples out!
The flame wave engulfs the dire elephant!!
The dire elephant is severely wounded.
The flame wave engulfs the elephant.
The elephant is lightly wounded.
The flame wave engulfs the elephant!
The elephant is severely wounded.
The elephant misses you. x2; The dire elephant tramples you!!
You die...

.#....©....#.#...#.....#.#..#####
########################.#.......
......©.........©#≈≈8§§#.#.......
########################.########
©#≈≈§§8§≈≈≈#©...........©........
#################################
^^.ZZ#.#.≈...≈≈..#.#w...#....#.#b
.#.#Z#.#.§..§..≈Y#.#w..#.#...#.#h
#.#..#.#.≈§.≈≈.≈@#.#w.#.©.#..#.#.
.#^#.#.#..≈..§≈Y≈#.#w#..#..#.#.##
©.#..#.#≈≈.≈.≈Y.§#.##..#.#..##.#.
.#.#.#.#.§.≈§§.≈.#.#..#...#..#.##
#^#^Z#.#..≈...≈≈.#.#.#..#..#w#.##
.#.#Z#.#.≈.§...≈.#.##..#.#..##.##
©$ZZZ#.#Y≈.[©.≈.[#.#([#.©.#ww#.#.
######.###########.###########.##
.................................


You could see a dire elephant, 2 elephants, a tyrant leech and 3 swamp worms.

Vanquished Creatures
  A two-headed ogre (D:8)
  A wizard (D:9)
  Pikel (D:8)
  An ugly thing (D:9)
  2 elephants
  A moth of wrath (Gauntlet)
  A kobold demonologist (D:8)
  3 trolls
  A raiju (Gauntlet)
  5 large abominations (D:9)
  A wyvern (D:9)
  15 yaks
  A basilisk (D:9)
  2 steam dragons (Gauntlet)
  Menkaure (D:5)
  3 acid dragons
  7 small abominations (D:9)
  3 water moccasins
  2 sky beasts
  An orc warrior (D:9)
  2 black bears
  2 ice beasts
  An ogre (D:6)
  6 centaurs
  5 wolves
  10 kobold brigands (D:8)
  2 phantoms
  4 bullfrogs
  2 scorpions
  A gnoll sergeant (D:5)
  22 wights
  4 killer bees (D:10)
  A vampire bat (D:5)
  4 howler monkeys (D:10)
  8 hounds
  3 jellies
  4 orc priests
  Crazy Yiuf (D:2)
  2 iguanas (D:6)
  Terence (D:2)
  5 orc wizards
  7 gnolls
  8 adders
  A shadow imp (D:5)
  A white imp (D:6)
  4 worms
  3 dart slugs
  22 orcs
  10 bats
  5 endoplasms
  2 giant cockroaches
  9 goblins
  8 hobgoblins
  8 jackals (D:5)
  3 quokkas
  6 ball pythons
  5 frilled lizards
  22 kobolds
  2 rats
269 creatures vanquished.

Vanquished Creatures (collateral kills)
  3 foxfires (D:3)
3 creatures vanquished.

Vanquished Creatures (others)
  An orc wizard (D:8)
  423 foxfires
424 creatures vanquished.

Grand Total: 696 creatures vanquished

Notes
Turn   | Place    | Note
-------+----------+-------------------------------------------
     0 | D:1      | Gravitas the Demonspawn Fire Elementalist began the quest
                  | for the Orb.
     0 | D:1      | Reached XP level 1. HP: 13/13 MP: 3/3
   171 | D:1      | Gained mutation: Spells you cast may paralyse adjacent
                  | enemies. [demonic ancestry]
   171 | D:1      | Reached XP level 2. HP: 19/19 MP: 1/5
  1042 | D:1      | Reached skill level 2 in Conjurations
  1213 | D:1      | Found a faded altar of an unknown god.
  1335 | D:2      | Gained mutation: Your touch may inflict minor irresistible
                  | damage on your foes. [demonic ancestry]
  1335 | D:2      | Reached XP level 3. HP: 24/24 MP: 3/6
  1441 | D:2      | Found Adoujyeh's Assorted Antiques.
  1666 | D:2      | Learned a level 2 spell: Scorch
  1803 | D:2      | Identified the +1 pair of boots "Nathraugg" {Dex+3}
  1887 | D:2      | Noticed Terence
  1898 | D:2      | Killed Terence
  1899 | D:2      | Reached XP level 4. HP: 23/30 MP: 1/7
  2035 | D:2      | Found a runed translucent door.
  2036 | D:2      | Noticed Crazy Yiuf
  2051 | D:2      | Killed Crazy Yiuf
  2134 | D:3      | Identified a scroll of acquirement
  2134 | D:3      | Acquired the amulet "Luwilidgh" {Reflect Harm rPois Str-2
                  | Int+7 SH+5}
  2146 | D:3      | Reached skill level 3 in Conjurations
  2382 | D:3      | Gained mutation: Your demonic aura sometimes causes spilled
                  | blood to erupt in flames. [demonic ancestry]
  2382 | D:3      | Reached XP level 5. HP: 35/35 MP: 6/9
  2920 | D:4      | Noticed a phantom
  2982 | D:4      | Reached XP level 6. HP: 41/41 MP: 8/10
  3002 | D:4      | Reached skill level 4 in Conjurations
  3374 | D:4      | Found a staircase to the Ecumenical Temple.
  3384 | Temple   | Entered the Ecumenical Temple
  3397 | Temple   | Became a worshipper of Vehumet
  3428 | D:4      | Reached skill level 5 in Fire Magic
  3430 | D:4      | Reached XP level 7. HP: 37/46 MP: 8/12
  3623 | D:5      | Entered Level 5 of the Dungeon
  3784 | D:5      | Reached skill level 5 in Conjurations
  3827 | D:5      | Found an opulent altar of Gozag.
  3833 | D:5      | Learned a level 4 spell: Flame Wave
  3958 | D:5      | Noticed Menkaure
  3970 | D:5      | Killed Menkaure
  4377 | D:5      | Reached skill level 6 in Conjurations
  4377 | D:5      | Gained mutation: Spells you cast may paralyse nearby
                  | enemies. [demonic ancestry]
  4377 | D:5      | Reached XP level 8. HP: 52/52 MP: 9/14
  4516 | D:5      | Reached * piety under Vehumet
  4516 | D:5      | Offered knowledge of Kiss of Death by Vehumet.
  4519 | D:5      | Learned a level 1 spell: Freeze
  5537 | D:7      | Reached skill level 7 in Conjurations
  5610 | D:7      | Reached skill level 5 in Spellcasting
  5709 | D:6      | Gained mutation: Your touch may inflict irresistible damage
                  | on your foes. [demonic ancestry]
  5709 | D:6      | Reached XP level 9. HP: 54/57 MP: 5/16
  5944 | D:7      | Found a sparkling altar of Nemelex Xobeh.
  6072 | D:7      | Offered knowledge of Poisonous Vapours by Vehumet.
  6171 | D:7      | Found a hazy altar of Hepliaklqana.
  6284 | D:7      | Reached skill level 8 in Conjurations
  6344 | D:7      | Reached ** piety under Vehumet
  6442 | D:8      | Reached skill level 1 in Fighting
  6444 | D:8      | Noticed a two-headed ogre
  6451 | D:8      | Killed a two-headed ogre
  6630 | D:8      | Noticed Pikel
  6635 | D:8      | Killed Pikel
  6636 | D:8      | Gained mutation: You are partially covered in icy blue
                  | scales. (AC +2) [demonic ancestry]
  6636 | D:8      | Reached XP level 10. HP: 66/71 MP: 11/20
  7053 | D:8      | Offered knowledge of Ignite Poison by Vehumet.
  7058 | D:8      | Learned a level 3 spell: Ignite Poison
  7067 | D:8      | Reached skill level 5 in Dodging
  7086 | D:8      | Noticed a sun demon
  7152 | D:8      | Reached skill level 5 in Fighting
  7391 | D:8      | Found a snail-covered altar of Cheibriados.
  7446 | D:8      | Reached *** piety under Vehumet
  7924 | D:9      | Offered knowledge of Sticky Flame by Vehumet.
  7939 | D:9      | Learned a level 4 spell: Sticky Flame
  8011 | D:9      | Noticed a white ugly thing
  8024 | D:9      | Killed a white ugly thing
  8180 | D:9      | Found Wilia's Tremendous Tomes.
  8364 | D:9      | Noticed a wizard
  8372 | D:9      | Killed a wizard
  8373 | D:9      | Gained mutation: You are mostly covered in icy blue scales.
                  | (AC +3) [demonic ancestry]
  8373 | D:9      | Reached XP level 11. HP: 81/81 MP: 15/23
  8430 | D:9      | Reached skill level 1 in Evocations
  9421 | D:9      | Reached **** piety under Vehumet
  9649 | D:9      | Found a staircase to the Lair.
  9764 | D:9      | Noticed Maggie
  9905 | D:9      | Identified the +9 war axe "Vaudd" {speed, Str+2}
  9936 | D:10     | Entered Level 10 of the Dungeon
 10054 | D:10     | Offered knowledge of Olgreb's Toxic Radiance by Vehumet.
 10749 | D:11     | Noticed Grum
 10771 | D:11     | Found a gate leading to a gauntlet.
 10791 | Gauntlet | Entered a Gauntlet
 10791 | Gauntlet | Found a transporter.
 10810 | Gauntlet | Found a transporter.
 10825 | Gauntlet | Found a transporter.
 10830 | Gauntlet | Found a transporter.
 10845 | Gauntlet | Found a transporter.
 10845 | Gauntlet | Noticed a hell hog
 10864 | Gauntlet | Found a transporter.
 10876 | Gauntlet | Found a transporter.
 10877 | Gauntlet | Noticed a dire elephant
 10888 | Gauntlet | Found a transporter.
 10898 | Gauntlet | Noticed a wizard
 10900 | Gauntlet | Found a transporter.
 10900 | Gauntlet | Noticed a wizard
 10909 | Gauntlet | Noticed a hell beast
 10912 | Gauntlet | Found a transporter.
 10929 | Gauntlet | Found a transporter.
 10947 | Gauntlet | Found a transporter.
 10949 | Gauntlet | Found a transporter.
 10977 | Gauntlet | Found a transporter.
 10997 | Gauntlet | Found a transporter.
 11075 | Gauntlet | Found a transporter.
 11095 | Gauntlet | Found a transporter.
 11265 | Gauntlet | Found a transporter.
 11349 | Gauntlet | Reached skill level 9 in Conjurations
 11479 | Gauntlet | Mangled by a dire elephant

Illustrated notes

Levels and vault maps discovered:
D:1:      erik_arrival_blinker_ship, layout_basic,
          shapermc_ecumenical_altar_mp_vishouse, chequers_arboretum
D:2:      layout_basic, serial_shops, nicolae_shop_real_fake_doors,
          uniq_crazy_yiuf_cottage, uniq_terence
D:3:      layout_basic, dk_noncrumbling_4, cheibrodos_gnoll_hut
D:4:      layout_cave_pools, minmay_temple_entry_offerings
D:5:      layout_cave_pods, grunt_gozag_statues, roderic_batcave,
          hangedman_decor_push, uniq_menkaure
D:6:      layout_basic, grunt_ministairs_7
D:7:      layout_rooms, amcnicky_altar_gilded, mainiacjoe_overflow_alcove_2
D:8:      layout_loops_ring, slow_altar_2, special_room [special_room_kobold],
          uniq_pikel
D:9:      layout_basic, david_lair_generic, minivault_1,
          nicolae_shop_i_like_big_books, laboratory, uniq_maggie
D:10:     layout_loops_cross
D:11:     layout_basic, gauntlet_entry_generic, uniq_grum
Temple:   mainiacjoe_temple_coin_purse
Gauntlet: gammafunk_gauntlet_one_two_three [gammafunk_gauntlet_arena_chambers,
          gammafunk_gauntlet_arena_teeth, nicolae_gauntlet_arena_blocks,
          gammafunk_gauntlet_arena_crates,
          gammafunk_gauntlet_arena_arrow_garden,
          nicolae_gauntlet_arena_flowing_pool, gammafunk_gauntlet_arena_grid,
          gammafunk_gauntlet_arena_hedges, nicolae_gauntlet_arena_grate_2,
          dreamdust_gauntlet_exit_labyrinth]

Skill      XL: |  1  2  3  4  5  6  7  8  9 10 11 |
---------------+----------------------------------+-----
Fire Magic     | 3 4 5 6 7 8 |  8.9
Conjurations   | 2 3 4 6 7 8 9 |  9.1
Spellcasting   | 3 4 5 6 8 |  8.9
Dodging        | 3 6 7 |  7.0
Fighting       | 3 6 7 |  7.4
Evocations     | 3 |  3.6
Stealth        | |  1.7

Action                     |  1- 3 |  4- 6 |  7- 9 | 10-12 || total
---------------------------+-------+-------+-------+-------++-------
  Melee: Unarmed           |     4 |       |       |       ||     4
         Dagger            |     3 |       |       |       ||     3
         Short sword       |    38 |    34 |    55 |    53 ||   180
         Touch             |     4 |     9 |    11 |    33 ||    57
         Punch             |       |       |       |     3 ||     3
         Staff             |       |       |       |    59 ||    59
   Cast: Foxfire           |    38 |    42 |    99 |    64 ||   243
         Scorch            |       |       |    26 |    84 ||   110
         Flame Wave        |       |       |     1 |    14 ||    15
         Sticky Flame      |       |       |       |    10 ||    10
    Use: Scroll            |       |    11 |     4 |     7 ||    22
   Stab: Paralysed         |    11 |    14 |    16 |    39 ||    80
         Sleeping          |     3 |     3 |     3 |     1 ||    10
 Armour: Robe              |     8 |     5 |    25 |    61 ||    99
  Dodge: Dodged            |    22 |    14 |    45 |   109 ||   190
  Block: Other             |       |    13 |    22 |    19 ||    54
         Reflection        |       |     1 |     1 |       ||     2
